 Dungeon Crawl Stone Soup version 0.32-a0-893-gf85d74f360 (webtiles) character file.

Game seed: 8089448950080712914

77 BubbleThief the Magician (level 4, -3/30 HPs)
             Began as a Demonspawn Hedge Wizard on Apr 3, 2024.
             Slain by an ice beast (12 damage)
             ... on level 3 of the Dungeon.
             The game lasted 00:06:04 (2898 turns).

BubbleThief the Magician (Demonspawn Hedge Wizard)  Turns: 2898, Time: 00:06:05

Health: -3/30      AC:  2    Str: 11    XL:     4   Next: 13%
Magic:  2/9        EV: 11    Int: 16    God:
Gold:   110        SH:  0    Dex: 12    Spells: 7/10 levels left

rFire   . . .        k - staff of conjuration
rCold   . . .        (no shield)
rNeg    . . .        b - +0 robe
rPois   .            c - +0 hat
rElec   .            (no cloak)
rCorr   .            (no gloves)
SInv    .            (no boots)
Will    .....        (no amulet)
Stlth   ++           (no ring)
HPRegen 0.25/turn    (no ring)
MPRegen 0.11/turn

%: no passive effects
@: no status effects
A: spiny 2
a: no special abilities


You were on level 3 of the Dungeon.
You visited 1 branch of the dungeon, and saw 3 of its levels.

You collected 110 gold pieces.

Inventory:

Hand Weapons
 a - a +0 dagger
Armour
 b - a +0 robe (worn)
 c - a +0 hat (worn)
Magical Staves
 k - a staff of conjuration (weapon)
Wands
 q - a wand of iceblast (15)
 u - a wand of charming (11)
Scrolls
 e - 3 scrolls of fog {unknown}
 g - a scroll of immolation {unknown}
 i - a scroll of identify {unknown}
 l - a scroll of revelation {unknown}
 m - 3 scrolls of teleportation {unknown}
 o - 3 scrolls of fear {unknown}
 p - a scroll of summoning {unknown}
 s - a scroll of enchant weapon {unknown}
 v - a scroll of torment {unknown}
 w - a scroll of amnesia {unknown}
 x - a scroll of blinking {unknown}
Potions
 d - a potion of magic
 f - a potion of mutation {unknown}
 h - a potion of might {unknown}
 j - a potion of cancellation {unknown}
 n - a potion of resistance {unknown}
 r - 2 potions of attraction {unknown}
 t - a potion of curing {unknown}


   Skills:
 - Level 1.7 Dodging
 - Level 1.7 Stealth
 + Level 3.7 Spellcasting
 + Level 2.5 Conjurations
 - Level 2.0 Summonings
 - Level 1.0 Translocations


You had 7 spell levels left.
You knew the following spells:

 Your Spells              Type           Power      Damage    Failure   Level
a - Magic Dart            Conj           64%        1d6       6%          1
b - Call Imp              Summ           18%        N/A       12%         2

Your spell library contained the following spells:

 Spells                   Type           Power      Damage    Failure   Level
 Apportation              Tloc           12%        N/A       12%         1
 Sandblast                Erth           6%         2d5       17%         1
 Slow                     Hex            12%        N/A       17%         1
 Blink                    Tloc           12%        N/A       17%         2
 Cigotuvi's Dreadful Rot  Necr/Alch/Air  6%         N/A       26%         2
 Ensorcelled Hibernation  Hex/Ice        6%         N/A       26%         2
 Jinxbite                 Hex            6%         N/A       26%         2
 Sublimation of Blood     Necr           3%         N/A       26%         2
 Stone Arrow              Conj/Erth      20%        3d8       30%         3
 Mephitic Cloud           Conj/Alch/Air  8%         N/A       36%         3
 Passwall                 Erth           3%         N/A       45%         3
 Swiftness                Air            3%         N/A       45%         3
 Brom's Barrelling Bould  Conj/Erth      10%        2d3       71%         4
 Alistair's Intoxication  Alch           2%         N/A       99%         5
 Summon Hydra             Summ           4%         N/A       100%        7


Dungeon Overview and Level Annotations

Branches:
Dungeon (3/15)

Altars:
Gozag


Innate Abilities, Weirdness & Mutations

You are mostly covered in sharp spines.


Message History

A tiny devil pulls itself out of the air.
Unknown command.
Aiming: Magic Dart (safe; 6% risk of failure)
Press: ? - help, Q - select action, (/) - cycle Shift-Dir - straight line, f/p - ice beast
Aim: an ice beast (moderately wounded, ally target, 100% to hit)
You feel a surge of power!
The magic dart hits the ice beast but does no damage.
The ice beast is moderately wounded.
Your cerulean imp hits the ice beast with a -4 spear.
Aiming: Magic Dart (safe; 6% risk of failure)
Press: ? - help, Q - select action, (/) - cycle Shift-Dir - straight line, f/p - ice beast
Aim: an ice beast (moderately wounded, ally target, 100% to hit)
You feel a surge of power!
The magic dart hits the ice beast.
The ice beast is heavily wounded.
The orc barely misses you.
Your cerulean imp hits the ice beast but does no damage.
You closely miss the ice beast.
The ice beast is heavily wounded.
The orc closely misses you. The ice beast barely misses you.
Your cerulean imp hits the ice beast with a -4 spear.
Unknown command.
Unknown command.
Aiming: Magic Dart (safe; 6% risk of failure)
Press: ? - help, Q - select action, (/) - cycle Shift-Dir - straight line, f/p - ice beast
Aim: an ice beast (heavily wounded, ally target, 100% to hit)
You feel a surge of power!
The magic dart hits the ice beast but does no damage.
The ice beast is heavily wounded.
The orc is struck by your spines. The orc barely misses you.
The ice beast hits you. The ice beast freezes you!
Your cerulean imp hits the ice beast but does no damage.
Aiming: Magic Dart (safe; 6% risk of failure)
Press: ? - help, Q - select action, (/) - cycle Shift-Dir - straight line, f/p - ice beast
Aim: an ice beast (heavily wounded, not watching you, ally target, 100% to hit)
You feel a surge of power!
The magic dart hits the ice beast.
The ice beast is severely wounded.
The orc hits you with a +0 club. The ice beast hits you.
* * * LOW HITPOINT WARNING * * *
The ice beast freezes you!
You die...

##.# .# ...######
#.# #.......###
#.# ..........#
#.# .#####..#.####
#.# # ##
#...##.###.# ## #
#...#...##.####.##
#. #
+........5Y......#
+. #
#..##...##@######
#. ##
##..###.###o# ##
.#####..## ### #.#
# .†.....## #.#
#.....## #.#
##.#### ..# #.#
### #####
##.######### .....
...........# #####


You could see an ice beast (ally target), an orc and a friendly cerulean imp
(summoned).

Vanquished Creatures
  2 dart slugs
  3 ribbon worms
  An orc (D:3)
  A ball python (D:1)
  5 bats
  3 bat zombies (D:3)
  3 endoplasms
  A giant cockroach (D:3)
  4 hobgoblins
  9 jackals (D:3)
  5 quokkas
  2 frilled lizards
  A frilled lizard zombie (D:3)
  4 goblins
  3 kobolds
47 creatures vanquished.

Vanquished Creatures (collateral kills)
  An adder (D:3)
  A quokka (D:2)
2 creatures vanquished.

Grand Total: 49 creatures vanquished

Notes
Turn   | Place    | Note
-------+----------+-------------------------------------------
     0 | D:1      | BubbleThief the Demonspawn Hedge Wizard began the quest for
                  | the Orb.
     0 | D:1      | Reached XP level 1. HP: 13/13 MP: 4/4
    76 | D:1      | Reached skill level 1 in Translocations
   307 | D:1      | Found Cuaq's Magic Scroll Shop.
   418 | D:1      | Gained mutation: You are partially covered in sharp spines.
                  | [demonic ancestry]
   418 | D:1      | Reached XP level 2. HP: 13/19 MP: 0/6
  1336 | D:2      | Learned a level 2 spell: Call Imp
  1775 | D:3      | Reached XP level 3. HP: 24/24 MP: 3/7
  2059 | D:3      | Found an opulent altar of Gozag.
  2218 | D:3      | Found a faded altar of an unknown god.
  2744 | D:3      | Gained mutation: You are mostly covered in sharp spines.
                  | [demonic ancestry]
  2744 | D:3      | Reached XP level 4. HP: 30/30 MP: 5/9
  2889 | D:3      | Noticed an ice beast
  2898 | D:3      | Slain by an ice beast

Illustrated notes

Levels and vault maps discovered:
D:1:      tarquinn_simple_flora_water_e, layout_loops_ring, serial_shops,
          nicolae_shop_statue_plus
D:2:      layout_loops_cross, serial_bayou_pond_e
D:3:      layout_loops_corners, grunt_gozag_breadcrumbs,
          lemuel_zombie_altar_kikubaaqudgha,
          shapermc_ecumenical_altar_mp_ritualfount, kennysheep_jessica_study

Skill      XL: |  1  2  3 |
---------------+----------+-----
Translocations | 1 |  1.0
Conjurations   | 2 |  2.5
Summonings     | 2 |  2.0
Dodging        | |  1.7
Stealth        | |  1.7
Spellcasting   | |  3.7

Action                     |  1- 3 |  4- 6 || total
---------------------------+-------+-------++-------
  Melee: Dagger            |    10 |       ||    10
         Staff             |    33 |     7 ||    40
   Cast: Magic Dart        |    91 |     8 ||    99
         Call Imp          |     5 |     1 ||     6
   Stab: Distracted        |     1 |       ||     1
         Sleeping          |     1 |       ||     1
 Armour: Robe              |    30 |     7 ||    37
  Dodge: Dodged            |    18 |     9 ||    27

Table legend: (Time is in decaauts)
 A = Elapsed time spent in this place.
 B = Non-inter-level travel time spent in this place.
 C = Inter-level travel time spent in this place.
 D = Time resting spent in this place.
 E = Time spent auto-exploring this place.
 F = Levels seen in this place.
 G = Mean time per level.
                   A        B        C        D        E       F      G
               +--------+--------+--------+--------+--------+-----+--------+
         Total |   2906 |   2868 |     38 |     59 |   2454 |   3 |  968.7 |
       Dungeon |   2906 |   2868 |     38 |     59 |   2454 |   3 |  968.7 |
               +--------+--------+--------+--------+--------+-----+--------+

Top non-repeatable levels by time:
     D:3: 1074 daAuts
     D:1: 929 daAuts
     D:2: 902 daAuts
